 Dungeon Crawl Stone Soup version 0.26.1-11-gd32895ea62 (webtiles) character file.

Game seed: 16635544392009832905

14 H0rd4k the Insei (level 2, -1/18 HPs)
             Began as an Octopode Transmuter on May 31, 2021.
             Slain by a bullfrog (9 damage)
             ... on level 2 of the Dungeon.
             The game lasted 00:00:33 (1102 turns).

H0rd4k the Insei (Octopode Transmuter)              Turns: 1102, Time: 00:00:34

Health: -1/18      AC:  1    Str:  9    XL:     2   Next: 45%
Magic:  5/5        EV: 13    Int: 15    God:
Gold:   50         SH:  0    Dex: 12    Spells: 4/5 levels left

rFire    . . .     SeeInvis .     - Unarmed
rCold    . . .     Faith    .   (no shield)
rNeg     . . .     Spirit   .   (helmet restricted)
rPois    .         Reflect  .   (no amulet)
rElec    .         Harm     .   (no ring)
rCorr    .         Rampage  .   (no ring)
Will     .....                  (no ring)
Stlth    ++........             (no ring)
HPRegen  0.06/turn              (no ring)
MPRegen  0.09/turn              (no ring)
                                (no ring)
                                (no ring)

@: no status effects
A: almost no armour, stealthy swim, amphibious, 8 rings, constrict 8, camouflage
1, gelatinous body 1
a: no special abilities


You were on level 2 of the Dungeon.
You visited 1 branch of the dungeon, and saw 2 of its levels.

You collected 50 gold pieces.

Inventory:

Missiles
 f - 7 atropa-tipped darts
Scrolls
 a - 2 scrolls of magic mapping {unknown}
 e - a scroll of identify {unknown}
Potions
 b - 2 potions of might {unknown}
 c - a potion of brilliance {unknown}
 d - a potion of lignification {unknown}


   Skills:
 + Level 1.0 Fighting
 + Level 2.1 Dodging
 + Level 0.4 Stealth
 + Level 3.5 Unarmed Combat
 + Level 2.1 Spellcasting
 + Level 2.0 Transmutations


You had 4 spell levels left.
You knew the following spells:

 Your Spells              Type           Power        Failure   Level
a - Beastly Appendage     Tmut           14%          10%         1

Your spell library contained the following spells:

 Spells                   Type           Power        Failure   Level
 Wereblood                Tmut           7%           14%         2
 Spider Form              Tmut/Pois      2%           41%         3
 Ice Form                 Ice/Tmut       4%           82%         4
 Blade Hands              Tmut           3%           95%         5


Dungeon Overview and Level Annotations

Branches:
Dungeon (2/15)

Altars:
Ru


Innate Abilities, Weirdness & Mutations

You cannot wear most types of armour.
You are very stealthy in the water. (Stealth+)
You are amphibious.
You can wear up to eight rings at the same time.
You can use your tentacles to constrict eight enemies at once.
Your skin changes colour to match your surroundings (Stealth+).
Your rubbery body absorbs attacks. (AC +1, EV +1)


Message History

The helpless bullfrog fails to defend itself.
You tentacle-slap the bullfrog. You grab the bullfrog.
The bullfrog is lightly wounded.
You constrict the bullfrog. The bullfrog hits you. The bullfrog hits you!
You are too injured to fight recklessly!
A bullfrog is nearby!
A bullfrog is nearby!
You tentacle-slap the bullfrog but do no damage.
You squeeze the bullfrog!
The bullfrog is heavily wounded.
You constrict the bullfrog. The bullfrog barely misses you.
You barely miss the bullfrog.
The bullfrog is heavily wounded.
You constrict the bullfrog. The bullfrog closely misses you.
The bullfrog barely misses you.
You barely miss the bullfrog.
The bullfrog is severely wounded.
You constrict the bullfrog. The bullfrog hits you!
Ouch! That really hurt!
You die...

. ## ####
..+._#..+ ##
..#..#..# ...
..#.....# #...
###.....######....
......F@...#......
...#####..........
###.....##
####.....#
##........+
#######.........#
#<....'.........#
#######.........#
#....######


You could see a bullfrog.

Vanquished Creatures
  A leopard gecko (D:1)
  A ball python (D:1)
  3 goblins (D:1)
  3 kobolds (D:1)
  A bat (D:2)
  2 frilled lizards (D:1)
  3 rats (D:1)
14 creatures vanquished.

Notes
Turn   | Place    | Note
-------+----------+-------------------------------------------
     0 | D:1      | H0rd4k the Octopode Transmuter began the quest for the Orb.
     0 | D:1      | Reached XP level 1. HP: 13/13 MP: 3/3
   423 | D:1      | Reached XP level 2. HP: 18/18 MP: 5/5
  1095 | D:2      | Noticed a bullfrog
  1097 | D:2      | Found a sacrificial altar of Ru.
  1102 | D:2      | Slain by a bullfrog

Illustrated notes

Levels and vault maps discovered:
D:1:      dpeg_arrival_long_road, layout_basic
D:2:      layout_basic, lemuel_doored_altar, kennysheep_slug_shrine,
          hangedman_ru_absence, uniq_terence

Action                   || total
-------------------------++-------
Melee: Unarmed           ||    34
       Constrict         ||    10
       Punch             ||     1
       Tentacles         ||     2
 Stab: Sleeping          ||     3
Armor: Skin              ||     2
Dodge: Dodged            ||    16
